Map: Prion Terraces

Players

Frozzen - Winner!

  • Race: Zerg Zerg

A.I. 1 (Medium)

  • Race: Protoss Protoss

VOD

Have the link to the VOD?

Description

Time

  • Played on: Nov. 13, 2015, 11:03 a.m.
  • Length: 10:01
Show
View Real Time Build Order
Export as new Build Order

Frozzen Zerg - Winner!

Build Orders: Hatch First, Lurkers 

Get SALT Encoding   

  12  0:01  Drone  
  13  0:11  Drone  
  14  0:17  Overlord  
  14  0:35  Drone x2  
  16  0:36  Drone  
  17  0:52  Hatchery  
  17  0:55  Drone  
  17  0:58  Drone  
  18  1:09  Drone  
  19  1:15  Spawning Pool  
  18  1:20  Drone  
  19  1:31  Drone  
  20  1:42  Overlord  
  20  2:00  Extractor  
  19  2:03  Queen x2  
  19  2:04  Zergling x2  
  19  2:05  Zergling x4  
  26  2:12  Drone  
  26  2:14  Drone  
  28  2:29  Drone  
  29  2:31  Drone  
  29  2:35  Drone  
  31  2:38  Overlord  
  31  2:39  Queen  
  33  2:44  Drone  
  33  2:49  Drone  
  35  2:55  Drone  
  35  2:58  Drone  
  36  3:06  Overlord  
  36  3:11  Drone  
  36  3:12  Drone x2  
  39  3:13  Drone  
  39  3:15  Lair  
  40  3:20  Drone x3  
  40  3:21  Extractor  
  40  3:26  Zergling x2  
  42  3:30  Drone  
  42  3:33  Drone  
  44  3:40  Drone  
  45  3:43  Roach Warren  
  45  3:46  Drone x2  
  46  3:49  Drone x4  
  46  3:50  Drone, Extractor  
  51  4:02  Drone  
  51  4:04  Overlord x2  
  51  4:17  Extractor  
  51  4:19  Drone  
  51  4:20  Overseer  
  51  4:23  Glial Reconstitution  
  51  4:24  Roach x2  
  51  4:25  Roach x5  
  65  4:36  Roach  
  65  4:38  Overlord x2  
  67  4:39  Hatchery  
  66  4:50  Drone  
  66  4:51  Overlord x2  
  66  4:52  Overlord  
  67  5:02  Roach x4  
  75  5:14  Hydralisk Den  
  75  5:19  Evolution Chamber  
  75  5:21  Evolution Chamber  
  72  5:31  Drone  
  72  5:32  Drone x3  
  72  5:33  Drone x2  
  72  5:34  Drone x2  
  72  5:35  Roach  
  82  5:36  Ravager x2  
  82  5:37  Ravager x3  
  82  5:38  Ravager  
  82  5:39  Zergling x2  
  89  5:53  Zerg Ground Armor Level 1  
  89  6:00  Zerg Missile Weapons Level 1  
  89  6:01  Drone  
  89  6:02  Drone x9  
  99  6:12  Muscular Augments  
  99  6:13  Drone  
  99  6:14  Drone x2  
  99  6:18  Extractor  
  101  6:20  Extractor  
  100  6:27  Hydralisk x2  
  100  6:29  Overlord x3  
  104  6:48  Drone x6  
  110  7:02  Drone, Hydralisk x3  
  110  7:03  Hydralisk x6  
  110  7:05  Overlord x2  
  129  7:18  Hatchery  
  128  7:26  Drone x2  
  130  7:31  Hydralisk x5  
  130  7:32  Hydralisk x2  
  130  7:34  Overlord x3  
  130  7:35  Lurker Den  
  144  7:37  Overlord  
  144  7:45  Spore Crawler  
  144  7:46  Spore Crawler  
  144  7:47  Spine Crawler  
  144  7:50  Drone  
  144  7:51  Spine Crawler  
  141  8:11  Drone x2  
  141  8:12  Drone x2, Hydralisk  
  145  8:13  Hydralisk x8  
  163  8:26  Extractor  
  157  8:27  Extractor  
  157  8:30  Hydralisk x5  
  157  8:31  Hydralisk x2  
  162  8:48  Overseer  
  162  8:50  Drone  
  162  8:53  Drone x2  
  162  8:54  Drone  
  166  9:07  Overlord x2  
  166  9:08  Overlord  
  166  9:11  Overseer  
  164  9:34  Infestation Pit  
  164  9:36  Hydralisk  
  164  9:37  Hydralisk x9  
  183  9:42  Lurker x4  
  183  9:43  Zergling x2  
  183  9:44  Zergling x20  
Show
View Real Time Build Order
Export as new Build Order

A.I. 1 (Medium) Protoss 

Build Orders: 1 Gate Expand 

Get SALT Encoding   

  12  0:01  Probe (Chrono Boost)  
  13  0:11  Probe (Chrono Boost)  
  14  0:20  Pylon  
  14  0:22  Probe (Chrono Boost)  
  15  0:39  Probe (Chrono Boost)  
  16  0:49  Probe (Chrono Boost)  
  17  0:50  Gateway  
  17  1:10  Nexus  
  17  1:12  Probe (Chrono Boost)  
  18  1:28  Pylon  
  18  1:31  Assimilator  
  18  1:35  Zealot  
  20  1:41  Cybernetics Core  
  20  1:44  Probe (Chrono Boost)  
  21  1:55  Probe (Chrono Boost)  
  22  2:04  Gateway  
  22  2:06  Probe (Chrono Boost)  
  23  2:14  Assimilator  
  23  2:17  Stalker  
  23  2:21  Pylon  
  25  2:24  Probe (Chrono Boost)  
  26  2:34  Probe (Chrono Boost)  
  28  2:37  Probe (Chrono Boost)  
  28  2:47  Sentry  
  28  2:50  Warp Gate, Assimilator  
  30  2:59  Assimilator  
  30  3:05  Stalker  
  33  3:14  Probe (Chrono Boost)  
  33  3:22  Probe (Chrono Boost)  
  33  3:26  Stalker, Probe (Chrono Boost)  
  38  3:34  Probe (Chrono Boost)  
  38  3:38  Probe (Chrono Boost)  
  39  3:45  Probe (Chrono Boost)  
  39  3:47  Sentry  
  43  3:49  Probe (Chrono Boost)  
  43  3:57  Probe (Chrono Boost)  
  44  4:05  Probe (Chrono Boost), Adept, Pylon  
  44  4:09  Probe (Chrono Boost)  
  48  4:16  Probe (Chrono Boost)  
  49  4:20  Probe (Chrono Boost)  
  50  4:24  Zealot  
  50  4:27  Probe (Chrono Boost)  
  50  4:30  Pylon  
  53  4:33  Probe (Chrono Boost)  
  53  4:38  Probe (Chrono Boost)  
  56  4:45  Probe (Chrono Boost)  
  56  4:49  Probe (Chrono Boost)  
  56  4:50  Pylon  
  56  4:52  Stalker  
  59  4:56  Probe (Chrono Boost)  
  61  5:00  Probe (Chrono Boost)  
  61  5:08  Probe (Chrono Boost)  
  61  5:11  Probe (Chrono Boost)  
  61  5:12  Stalker  
  65  5:14  Pylon  
  65  5:19  Probe (Chrono Boost)  
  65  5:22  Probe (Chrono Boost)  
  66  5:31  Stalker  
  66  5:33  Probe (Chrono Boost), Forge  
  70  5:36  Probe (Chrono Boost)  
  70  5:38  Pylon  
  70  5:40  Robotics Facility  
  70  5:45  Probe (Chrono Boost)  
  70  5:48  Probe (Chrono Boost)  
  72  5:50  Sentry  
  72  5:56  Probe (Chrono Boost)  
  75  5:59  Probe (Chrono Boost), Pylon  
  76  6:07  Probe (Chrono Boost)  
  76  6:09  Pylon  
  76  6:10  Sentry, Probe (Chrono Boost), Photon Cannon  
  76  6:11  Photon Cannon  
  80  6:14  Pylon  
  80  6:21  Stargate  
  80  6:24  Twilight Council  
  80  6:27  Observer  
  80  6:28  Gateway  
  80  6:29  Zealot  
  80  6:32  Forge  
  83  6:36  Photon Cannon  
  83  6:40  Photon Cannon  
  83  6:46  Observer  
  83  6:48  Stalker  
  85  7:08  Adept  
  86  8:24  Zealot  
  86  8:25  Observer  
  76  8:28  Void Ray  
  58  8:45  Immortal  
  58  8:53  Photon Cannon  
  58  8:54  Probe (Chrono Boost)  
  38  8:59  Pylon  
  38  9:01  Zealot  
  39  9:06  Probe (Chrono Boost)  
  40  9:16  Pylon  
  45  9:17  Probe (Chrono Boost)  
  45  9:19  Pylon  
  35  9:28  Probe (Chrono Boost)  
  31  9:35  Photon Cannon  
  32  9:38  Stalker  
  32  9:39  Probe (Chrono Boost)  
Tags
 
Add a new tag
Caveats
  • Supply blocks, unpowered buildings, or Contaminate may cause inaccurate times.
  • Supply counts are checked every 10 seconds.